 Dungeon Crawl Stone Soup version 0.30-b1-2-g02819fbbbe (webtiles) character file.

Game seed: 17677181766082973604

459 Alarkh the Shooter (level 6, -6/70 HPs)
             Began as a Demonspawn Hexslinger on May 23, 2023.
             Mangled by an ogre
             ... wielding a +0 giant club
              (13 damage)
             ... on level 5 of the Dungeon.
             The game lasted 00:07:16 (3726 turns).

Alarkh the Shooter (Demonspawn Hexslinger)          Turns: 3726, Time: 00:07:16

Health: -6/70      AC:  8    Str: 10    XL:     6   Next: 78%
Magic:  7/7        EV:  8    Int: 16    God:
Gold:   146        SH:  5    Dex: 14    Spells: 6/7 levels left

rFire   . . .        b - +5 woodcutter's axe
rCold   . . .        (shield currently unavailable)
rNeg    . . .        n - +1 scale mail {rPois}
rPois   +            (no helmet)
rElec   .            (no cloak)
rCorr   .            (no gloves)
SInv    .            s - +0 pair of boots
Will    .....        j - amulet of reflection Stlth
                     (no ring)
HPRegen 0.31/turn    (no ring)
MPRegen 0.10/turn

%: reflection
@: berserking, very quick
A: claws 2
a: no special abilities


You were on level 5 of the Dungeon.
You visited 2 branches of the dungeon, and saw 6 of its levels.

You collected 245 gold pieces.
You spent 99 gold pieces at shops.

Inventory:

Hand Weapons
 a - a +0 arbalest
 b - the +5 woodcutter's axe (weapon)
   (You found it on level 2 of the Dungeon)
 g - a +1 sling
 y - a +4 sling
Armour
 c - a +0 robe
 e - a +0 buckler
 n - a +1 scale mail of poison resistance (worn)
 s - a +0 pair of boots (worn)
Magical Staves
 d - the staff of air "Nutiawepy" {rElec Dex+6 Stlth+}
   (You found it on level 2 of the Dungeon)

   [staff of air]

   Base accuracy: +5 Base damage: 5 Base attack delay: 1.2 This weapon's minimum
   attack delay (0.6) is reached at skill level 12.
   Dex:       It affects your dexterity (+6).
   rElec:     It insulates you from electricity.
   Stlth:     It makes you more stealthy.
   It falls into the 'Staves' category.
   It is a one-handed weapon.
 u - a staff of earth
Jewellery
 j - an amulet of reflection (around neck)
 k - an amulet of the acrobat
 l - an amulet of regeneration
 x - a +6 ring of intelligence
 D - a +5 ring of evasion
Wands
 v - a wand of roots (7)
 w - a wand of mindburst (24)
 G - a wand of flame (11)
Scrolls
 h - 3 scrolls of butterflies {unknown}
 i - a scroll of noise
 o - 3 scrolls of enchant armour
 r - 5 scrolls of identify
 z - a scroll of blinking {unknown}
 A - 2 scrolls of immolation {unknown}
 E - a scroll of fear {unknown}
 F - a scroll of vulnerability {unknown}
Potions
 m - a potion of brilliance
 p - 2 potions of attraction
 q - 4 potions of curing
 t - a potion of lignification
 B - 2 potions of magic
 C - a potion of degeneration {unknown}


   Skills:
 + Level 3.0 Fighting
 * Level 4.7 Ranged Weapons
 - Level 1.7 Dodging
 * Level 3.6 Unarmed Combat
 - Level 1.0 Spellcasting
 - Level 3.0 Hexes


You had 6 spell levels left.
You knew the following spells:

 Your Spells              Type           Power      Damage    Failure   Level
a - Slow                  Hex            40%        N/A       43%         1

Your spell library contained the following spells:

 Spells                   Type           Power      Damage    Failure   Level
 Sting                    Tmut/Pois      0%         1d3       86%         1
 Poisonous Vapours        Pois/Air       0%         N/A       94%         2
 Inner Flame              Hex/Fire       5%         N/A       95%         3
 Portal Projectile        Hex/Tloc       10%        N/A       95%         3
 Summon Guardian Golem    Hex/Summ       5%         N/A       95%         3
 Cause Fear               Hex            5%         N/A       99%         4
 Olgreb's Toxic Radiance  Pois           0%         N/A       100%        4
 Orb of Destruction       Conj           0%         9d5       100%        7
 Spellforged Servitor     Conj/Summ      0%         N/A       100%        7


Dungeon Overview and Level Annotations

Branches:
Dungeon (5/15)             Temple (1/1) D:5

Altars:
Cheibriados
Hepliaklqana
Nemelex Xobeh
Okawaru
Qazlal
Ru
Trog
Vehumet
Wu Jian
Xom

Shops:
D:1 !   D:3 (

Annotations:
D:5 1 runed translucent door, Alarkh's ghost, weakling DsDe


Innate Abilities, Weirdness & Mutations

You have very sharp fingernails.


Message History

Things that are here:
a +0 club; a +0 scale mail; an orc corpse You closely miss the orc.
The orc barely misses you.
You closely miss the orc. You hit the orc. The orc barely misses you.
The orc closely misses you.
You slash the orc!
You kill the orc!
You slash the orc!
You kill the orc!
No target in view!
Things that are here:
a +0 dagger; an orc corpse
There is a stone staircase leading down here.
An ogre comes into view. It is wielding a +0 giant club.
The ogre shouts!
An ogre is nearby!
An ogre is nearby!
a - a +0 arbalest (weapon)
You shoot a bolt. The bolt completely misses the ogre.
You shoot a bolt. The bolt completely misses the ogre.
You block the ogre's attack.
b - the +5 woodcutter's axe (weapon)
The ogre hits you with a +0 giant club!!
Ouch! That really hurt!
It was a potion of magic.
Magic courses through your body.
Okay, then.
A red film seems to cover your vision as you go berserk!
You feel yourself moving faster!
You feel mighty! The ogre hits you with a +0 giant club.
* * * LOW HITPOINT WARNING * * *
You slash the ogre!
The ogre is moderately wounded.
The ogre hits you with a +0 giant club!
* * * LOW HITPOINT WARNING * * *
You barely miss the ogre.
The ogre is moderately wounded.
You slash the ogre!
The ogre is almost dead.
The ogre hits you with a +0 giant club!
You die...

.............#.#
.....#####.....###
...#..# ##.#......
...##.###.........
..###.........._.. ###
.......<#..###.[.###....
.......##...### ##......
......####....###$..#
......# #.#....@O#
#.#(..# #.###...##
._....# ##...#####.
#.#...###..........#
..........#####.####
......###....##.######
......###.##.##.......
#. ######...>##..#...)#
... #
#.......###)..######..


You could see an ogre.

Vanquished Creatures
  A gnoll sergeant (D:2)
  3 hounds
  A sleepcap (D:4)
  Robin (D:2)
  8 gnolls
  8 adders
  An ufetubus (D:4)
  2 worms (D:3)
  5 dart slugs
  10 orcs
  5 ball pythons
  6 bats (D:1)
  5 endoplasms
  3 giant cockroaches
  11 goblins
  9 hobgoblins
  3 jackals (D:2)
  3 quokkas
  3 frilled lizards
  8 kobolds
  3 rats
99 creatures vanquished.

Notes
Turn   | Place    | Note
-------+----------+-------------------------------------------
     0 | D:1      | Alarkh the Demonspawn Hexslinger began the quest for the
                  | Orb.
     0 | D:1      | Reached XP level 1. HP: 15/15 MP: 2/2
    27 | D:1      | Reached skill level 2 in Ranged Weapons
    51 | D:1      | Found Holitz's Distillery.
   110 | D:1      | Gained mutation: You have sharp fingernails. [demonic
                  | ancestry]
   110 | D:1      | Reached XP level 2. HP: 21/21 MP: 3/3
   508 | D:1      | Reached XP level 3. HP: 11/26 MP: 4/4
   704 | D:2      | Noticed Robin
   868 | D:2      | Identified the staff of air "Nutiawepy" {rElec Dex+6
                  | Stlth+}
   901 | D:2      | Reached skill level 1 in Unarmed Combat
   930 | D:2      | Reached skill level 3 in Ranged Weapons
   970 | D:2      | Killed Robin
   988 | D:2      | Reached XP level 4. HP: 12/32 MP: 5/5
  1239 | D:2      | Noticed a gnoll sergeant
  1240 | D:2      | Found the +5 woodcutter's axe
  1369 | D:2      | Killed a gnoll sergeant
  1370 | D:2      | Reached XP level 5. HP: 31/38 MP: 6/6
  1615 | D:2      | Reached skill level 4 in Ranged Weapons
  1765 | D:3      | Found Huelea's Antique Weapon Emporium.
  2139 | D:3      | Found a bloodstained altar of Trog.
  2140 | D:3      | Found a stormy altar of Qazlal.
  2179 | D:3      | Found a faded altar of an unknown god.
  2224 | D:3      | Bought an arbalest for 99 gold pieces
  2528 | D:4      | Gained mutation: You have very sharp fingernails. [demonic
                  | ancestry]
  2528 | D:4      | Reached XP level 6. HP: 46/46 MP: 7/7
  3303 | D:5      | Entered Level 5 of the Dungeon
  3304 | D:5      | Found an iron altar of Okawaru.
  3342 | D:5      | Found a staircase to the Ecumenical Temple.
  3418 | Temple   | Entered the Ecumenical Temple
  3569 | D:5      | Found a sacrificial altar of Ru.
  3599 | D:5      | Found a runed translucent door.
  3601 | D:5      | Noticed Alarkh's ghost (weakling DsDe)
  3726 | D:5      | Mangled by an ogre

Illustrated notes

Levels and vault maps discovered:
D:1:      dpeg_arrival_rooms_b, layout_basic, serial_shops,
          nicolae_shop_tiny_real_fake_doors, minmay_cupped
D:2:      layout_rooms, nrook_loot_triangle, pf_guarded_unrand_woodcutter,
          uniq_robin
D:3:      minmay_wonky_spiral, layout_rooms, gammafunk_temple_overflow_statue,
          hellmonk_ecumenical_altar_arch_garden, serial_shops, shop,
          nicolae_figureground_sparkle
D:4:      layout_loops_cross, nrook_mini_backslash
D:5:      layout_rooms, okawaru_metal_pillars_1_2,
          mainiacjoe_overflow_catch_the_wave, minmay_temple_entry_hall,
          ebering_ghost_sewer_d
Temple:   nicolae_temple_ecumenical_triangle

Skill      XL: |  1  2  3  4  5  6 |
---------------+-------------------+-----
Ranged Weapons | 2 3 4 |  4.7
Unarmed Combat | 1 2 3 |  3.6
Fighting       | 2 3 |  3.0
Dodging        | |  1.7
Spellcasting   | |  1.0
Hexes          | |  3.0

Action                     |  1- 3 |  4- 6 || total
---------------------------+-------+-------++-------
  Melee: Unarmed           |    80 |    23 ||   103
         Battleaxe         |       |    76 ||    76
   Fire: Sling             |    70 |    61 ||   131
         Arbalest          |       |    51 ||    51
    Use: Potion            |     3 |     2 ||     5
         Scroll            |       |     8 ||     8
 Armour: Robe              |    11 |       ||    11
         Scale mail        |    14 |    64 ||    78
         Skin              |     4 |       ||     4
  Dodge: Dodged            |    62 |    55 ||   117
  Block: Buckler           |    57 |    26 ||    83
         Reflection        |       |     1 ||     1
         Other             |       |    28 ||    28
